 Dungeon Crawl Stone Soup version 0.21.1-1-g345015f (webtiles) character file.

93 Kagorn the Cudgeler (level 4, -5/45 HPs)
             Began as a Troll Monk on July 15, 2018.
             Slain by an ice beast (9 damage)
             ... on level 3 of the Dungeon.
             The game lasted 00:10:52 (1949 turns).

Kagorn the Cudgeler (Troll Monk)                    Turns: 1949, Time: 00:10:53

Health: -5/45      AC:  5    Str: 20    XL:     4   Next: 36%
Magic:  3/3        EV: 10    Int:  6    God:
Gold:   132        SH:  0    Dex: 12    Spells: 3/3 levels left

rFire    . . .     SeeInvis .   a - +0 mace
rCold    . . .     Gourm    +   (no shield)
rNeg     . . .     Faith    .   b - +0 robe
rPois    .         Spirit   .   (helmet restricted)
rElec    .         Reflect  .   (no cloak)
rCorr    .         Harm     .   (gloves unavailable)
MR       .....                  (boots unavailable)
Stlth    ++........             (no amulet)
HPRegen  0.55/turn              (no ring)
MPRegen  0.08/turn              (no ring)

@: flying
A: large, unfitting armour, claws 3, fast metabolism 3, gourmand, regeneration
1, shaggy fur 1, tough skin 2
a: no special abilities


You were on level 3 of the Dungeon.
You were very full.

You visited 1 branch of the dungeon, and saw 3 of its levels.

You collected 132 gold pieces.

Inventory:

Hand Weapons
 a - a +0 mace (weapon)
Missiles
 j - 5 tomahawks (quivered)
Armour
 b - a +0 robe (worn)
Scrolls
 d - 3 scrolls of amnesia
 e - 3 scrolls of identify
 h - 2 scrolls of fear {unknown}
 k - a scroll of enchant weapon {unknown}
 l - a scroll of teleportation
Potions
 f - a potion of flight
 g - a potion of magic
Comestibles
 c - 7 rations
 i - 2 chunks of flesh


   Skills:
 * Level 3.1 Fighting
 * Level 3.4 Maces & Flails
 + Level 0.8 Armour
 + Level 2.7 Dodging
 + Level 1.3 Stealth


You had 3 spell levels left.
You didn't know any spells.

Dungeon Overview and Level Annotations

Branches:
Dungeon (3/15)

Altars:
Gozag

Annotations:
D:3 Rwicked's ghost, amateur GnFE


Innate Abilities, Weirdness & Mutations

You are too large for most types of armour.
You have claws for hands.
Your metabolism is lightning-fast.
You like to eat raw meat.
Your natural rate of healing is unusually fast.
You are covered in fur. (AC +1)
You have very tough skin. (AC +2)


Message History

The ice beast is heavily wounded.
The rat bites you but does no damage. The ice beast hits you.
* * * LOW HITPOINT WARNING * * *
The ice beast freezes you.
* * * LOW HITPOINT WARNING * * *
You hit the ice beast but do no damage.
The ice beast is heavily wounded.
The rat misses you.
The ice beast hits you but does no damage.
You barely miss the ice beast.
The ice beast is heavily wounded.
The rat closely misses you.
The ice beast hits you but does no damage.
The rat misses you.
You hit the ice beast but do no damage.
The ice beast is heavily wounded.
The ice beast hits you.
* * * LOW HITPOINT WARNING * * *
The ice beast freezes you!
You die...

#. #.# #.# ##..###.#
#.#
....)...#############.#
#....................#
#..###.###############
#......... . #..######.
#...#..####
.......Y@r.#
.###.#####.# #. # #


You could see an ice beast and a rat.

Vanquished Creatures
  An orc wizard (D:3)
  An adder (D:2)
  3 worms (D:2)
  4 leopard geckos
  2 orcs (D:3)
  3 giant cockroaches (D:1)
  A goblin (D:1)
  6 hobgoblins
  2 quokkas
  5 bats
  6 frilled lizards
  6 kobolds
  3 rats
43 creatures vanquished.

Notes
Turn   | Place    | Note
-------+----------+-------------------------------------------
     0 | D:1      | Kagorn the Troll Monk began the quest for the Orb.
     0 | D:1      | Reached XP level 1. HP: 22/22 MP: 0/0
     3 | D:1      | Noticed an electric eel
     3 | D:1      | Noticed an electric eel
    76 | D:1      | Reached XP level 2. HP: 28/29 MP: 1/1
   872 | D:2      | Reached XP level 3. HP: 34/36 MP: 2/2
  1317 | D:2      | Found an opulent altar of Gozag.
  1569 | D:3      | Found a faded altar of an unknown god.
  1727 | D:3      | Reached XP level 4. HP: 23/45 MP: 3/3
  1881 | D:3      | Noticed an ice beast
  1882 | D:3      | Noticed Rwicked's ghost (amateur GnFE)
  1949 | D:3      | Slain by an ice beast

Skill      XL: |  1  2  3 |
---------------+----------+-----
Maces & Flails | 3 |  3.4
Fighting       | 3 |  3.1
Armour         | |  0.8
Dodging        | |  2.7
Stealth        | |  1.3

Action                   |  1- 3 |  4- 6 || total
-------------------------+-------+-------++-------
Melee: Mace              |   164 |    17 ||   181
  Use: Potion            |     5 |     1 ||     6
       Scroll            |     4 |       ||     4
 Stab: Sleeping          |     2 |     1 ||     3
  Eat: Chunk             |    21 |     2 ||    23
Armor: Robe              |    60 |    16 ||    76
Dodge: Dodged            |    92 |    19 ||   111
